 Dungeon Crawl Stone Soup version 0.30.0-29-ga12c61a403 (webtiles) character file.

Game seed: 8372236163753240288

11510 Graphine the Nimble (level 11, 0/84 HPs)
             Began as a Merfolk Gladiator on June 19, 2023.
             Killed from afar by an orc sorcerer (24 damage)
             ... with a bolt of fire
             ... on level 2 of the Orcish Mines.
             The game lasted 00:27:41 (10669 turns).

Graphine the Nimble (Merfolk Gladiator)            Turns: 10669, Time: 00:27:41

Health: 0/84       AC:  9    Str: 17    XL:     11   Next: 78%
Magic:  16/16      EV: 24    Int:  5    God:
Gold:   96         SH:  0    Dex: 26    Spells: 10/10 levels left

rFire   . . .        E - +2 scimitar (drain)
rCold   . . .        (no shield)
rNeg    . . .        H - +2 robe {Will+}
rPois   +            c - +1 helmet
rElec   +            (no cloak)
rCorr   .            x - +2 pair of gloves
SInv    +            (no boots)
Will    +++..        b - amulet of Happiness {+Inv rElec Regen+ Str+2 SInv}
Stlth   ++           j - ring "Keppem" {+Blink Fly Will++ Int-2 SInv}
HPRegen 1.14/turn    t - +6 ring of dexterity
MPRegen 0.15/turn

%: no passive effects
@: mighty, about to teleport, marked, flying
A: (nimble swimmer 2), mertail, poison resistance
a: Evoke Blink, Evoke Invisibility


You were on level 2 of the Orcish Mines.
You visited 2 branches of the dungeon, and saw 11 of its levels.
You also visited: Sewer.

You collected 1092 gold pieces.
You spent 996 gold pieces at shops.

Inventory:

Hand Weapons
 a - a +0 long sword of flaming
 C - a +0 scimitar of flaming
 E - a +2 scimitar of draining (weapon)
Missiles
 h - 6 poisoned darts (quivered)
 B - 2 javelins
Armour
 c - a +1 helmet (worn)
 x - a +2 pair of gloves (worn)
 H - a +2 robe of willpower (worn)
Magical Staves
 e - a staff of conjuration
Jewellery
 b - the amulet of Happiness (around neck) {+Inv rElec Regen+ Str+2 SInv}
   (You acquired it on level 1 of the Orcish Mines)

   [amulet of regeneration]

   Str:       It affects your strength (+2).
   rElec:     It insulates you from electricity.
   SInv:      It lets you see invisible.
   +Inv:      It lets you turn invisible.
   Regen:     It increases your rate of health regeneration.
 j - the ring "Keppem" (left hand) {+Blink Fly Will++ Int-2 SInv}
   (You found it on level 2 of the Dungeon)

   [ring of flight]

   Int:       It affects your intelligence (-2).
   SInv:      It lets you see invisible.
   Fly:       It grants you flight.
   +Blink:    It lets you blink.
   Will:      It greatly increases your willpower.
 t - a +6 ring of dexterity (right hand)
 A - a ring of ice
 D - an amulet of the acrobat
Wands
 d - a wand of flame (9)
 m - a wand of digging (3)
 y - a wand of paralysis (1)
Scrolls
 k - 6 scrolls of teleportation
 n - a scroll of blinking
 s - 2 scrolls of brand weapon
 w - 6 scrolls of poison
Potions
 f - 2 potions of might
 g - a potion of attraction
 i - a potion of invisibility
 l - a potion of mutation
 o - a potion of cancellation
 p - 3 potions of flight
 r - 2 potions of heal wounds {unknown}
 u - 2 potions of curing {unknown}
 v - a potion of magic {unknown}
 z - 3 potions of lignification {unknown}
 F - a potion of haste {unknown}
 G - a potion of berserk rage {unknown}


   Skills:
 + Level 7.4 Fighting
 * Level 11.6 Long Blades
 + Level 6.7 Throwing
 * Level 12.7 Dodging
 + Level 7.0 Invocations
 + Level 6.3 Evocations


You had 10 spell levels left.
You didn't know any spells.
Your spell library contained the following spells:

 Spells                   Type           Power      Damage    Failure   Level
 Beastly Appendage        Tmut           0%         N/A       47%         1
 Cigotuvi's Dreadful Rot  Necr/Pois/Air  0%         N/A       63%         2
 Wereblood                Tmut           0%         N/A       63%         2
 Ignite Poison            Fire/Tmut/Pois 0%         N/A       85%         3
 Ozocubu's Armour         Ice            0%         N/A       85%         3
 Spider Form              Tmut/Pois      0%         N/A       85%         3
 Freezing Cloud           Conj/Ice/Air   0%         6-21      100%        5
 Ozocubu's Refrigeration  Ice            0%         4d7       100%        7


Dungeon Overview and Level Annotations

Branches:
Dungeon (9/15)             Temple (0/1) D:5            Lair (0/5) D:8
    Orc (2/2) D:9             Elf (0/3) Orc:2         Sewer (visited)

Altars:
Ashenzari
Cheibriados
Dithmenos
Fedhas
Gozag
Kikubaaqudgha
Nemelex Xobeh
Xom

Shops:
D:1 ?(:(   D:4 :   Orc:1 ?   Orc:2 **[


Innate Abilities, Weirdness & Mutations

((You are very nimble when in or above water. (Stealth+, EV+, Speed+++)))
Your lower body shifts to a powerful aquatic tail in water.
Your system is resistant to poisons. (rPois)


Message History

The orc high priest prays to Beogh.
You slash the hellwing!
You kill the hellwing!
The hellwing disappears in a puff of smoke!
The soul eater completely misses you.
The orc warrior hits you with a +0 war axe.
The orc priest looks braver for a moment.
You feel very mighty all of a sudden. The soul eater misses you.
The orc warrior hits you with a +0 war axe!
Okay, then.
You blink.
An orc sorcerer comes into view. It is wielding a +0 dagger.
The orc sorcerer shouts!
You hear a shout! x2
The orc high priest utters an invocation to Beogh.
The orc sorcerer gestures wildly while chanting.
The rust devil disappears in a puff of smoke!
The orc sorcerer gestures at you while chanting.
The bolt of negative energy misses you. 2 orc warriors come into view.
An orc warrior is wielding a +2 dire flail of protection.
You feel stable enough to blink again.
The orc pulls the alarm!
The alarm trap emits a blaring wail!
A sentinel's mark forms upon you.
An orc comes into view. It is wielding a +0 hand axe.
The orc sorcerer hits you with a +0 dagger.
The smoke demon gestures at you. Something smites you!
* * * LOW HITPOINT WARNING * * *
The orc warrior moves out of view. x2
You hear a shout! x5
An orc warrior comes into view. It is wielding a +0 short sword.
An orc comes into view. It is wielding a +0 club.
The orc sorcerer hits you but does no damage.
As you read the scroll of teleportation, it crumbles to dust.
You feel strangely unstable.
The orc sorcerer points at you and mumbles some strange words.
The bolt of fire hits you!!
You die...

..........# ..........#
....o..oo.# ..........#
.......o..# ..........#
........>.#
.......).o#############
..........@..o.3..#...#
......o...o3).oo)))#.###
................o).)...##
................4..§....#
...................§.#.##
.....................###
.....................#
..................#...#
......#.......#.##.###


You could see an orc knight, a soul eater (summoned), an orc high priest, a
smoke demon (summoned), a chaos spawn (summoned), an orc sorcerer, 4 orc
warriors, an orc priest and 3 orcs.

Vanquished Creatures
  An ettin (Orc:1)
  A two-headed ogre (D:9)
  An orc high priest (Orc:2)
  2 orc knights (Orc:1)
  2 orc sorcerers
  2 trolls
  Prince Ribbit (D:6)
  2 wyverns
  9 yaks (D:9)
  A steam dragon (D:6)
  2 wargs
  An acid dragon (D:9)
  21 orc warriors
  An ice beast (D:7)
  A sky beast (D:7)
  3 ogres (Orc:2)
  2 centaurs
  2 phantoms (D:5)
  A kobold brigand (D:9)
  6 bullfrogs
  5 scorpions
  3 wights (D:8)
  2 electric eels
  7 howler monkeys
  A quasit (D:7)
  A jelly (D:6)
  A gnoll bouda (Orc:1)
  5 hounds
  11 orc priests
  An iguana (D:5)
  20 orc wizards
  9 gnolls
  9 adders
  A shadow imp (D:7)
  2 white imps (D:7)
  3 ufetubi
  2 worms
  2 dart slugs
  63 orcs
  4 bats
  18 endoplasms
  8 giant cockroaches
  6 goblins
  2 hobgoblins
  11 kobolds
  13 quokkas
  14 ball pythons
  10 frilled lizards
  5 rats
301 creatures vanquished.

Notes
Turn   | Place    | Note
-------+----------+-------------------------------------------
     0 | D:1      | Graphine the Merfolk Gladiator began the quest for the Orb.
     0 | D:1      | Reached XP level 1. HP: 16/16 MP: 1/1
   190 | D:1      | Found Haasmuda's Antique Weapon Boutique.
   193 | D:1      | Reached XP level 2. HP: 22/22 MP: 2/2
   487 | D:1      | Found Hazif's Antique Weapon Emporium.
   638 | D:1      | Found Killuas's Magic Scroll Emporium.
   675 | D:1      | Reached XP level 3. HP: 26/28 MP: 3/3
   726 | D:1      | Found Mubbig's Book Shoppe.
   752 | D:1      | Gained mutation: Your system is resistant to poisons.
                  | (rPois) [potion of mutation]
   801 | D:2      | Found a snail-covered altar of Cheibriados.
  1039 | D:2      | Identified the ring "Keppem" {+Blink Fly Will++ Int-2 SInv}
  1569 | D:3      | Found a glowing drain.
  1579 | D:3      | Reached skill level 1 in Invocations
  1579 | D:3      | Reached XP level 4. HP: 34/34 MP: 4/4
  1591 | Sewer    | Entered a sewer
  1629 | Sewer    | Reached skill level 1 in Evocations
  1733 | Sewer    | Reached skill level 5 in Dodging
  1839 | Sewer    | Noticed a bullfrog
  1839 | Sewer    | Noticed a bullfrog
  1848 | Sewer    | Reached XP level 5. HP: 16/40 MP: 4/6
  1988 | Sewer    | Reached skill level 5 in Long Blades
  1988 | Sewer    | Reached XP level 6. HP: 29/47 MP: 7/7
  2168 | D:3      | Found a faded altar of an unknown god.
  2170 | D:3      | Noticed a shining eye
  2172 | D:3      | Noticed an eye of devastation
  2172 | D:3      | Noticed a floating eye
  2172 | D:3      | Noticed a floating eye
  2280 | D:3      | Found a broken altar of Ashenzari.
  2782 | D:4      | Reached skill level 6 in Dodging
  2925 | D:4      | Found Yrih's Book Emporium.
  3757 | D:4      | Found a snail-covered altar of Cheibriados.
  3819 | D:5      | Entered Level 5 of the Dungeon
  3827 | D:5      | Reached XP level 7. HP: 52/52 MP: 8/8
  3974 | D:5      | Found an opulent altar of Gozag.
  4325 | D:5      | Found a staircase to the Ecumenical Temple.
  4421 | D:5      | Reached skill level 7 in Dodging
  4512 | D:5      | Found a blossoming altar of Fedhas.
  4658 | D:5      | Reached XP level 8. HP: 55/60 MP: 10/10
  4800 | D:6      | Noticed Prince Ribbit
  4814 | D:6      | Killed Prince Ribbit
  5331 | D:6      | Reached skill level 8 in Dodging
  5447 | D:6      | Found a shimmering altar of Xom.
  5960 | D:7      | Reached XP level 9. HP: 63/66 MP: 10/12
  6366 | D:7      | HP: 1/67 [wyvern (15)]
  6819 | D:7      | Reached skill level 5 in Fighting
  6877 | D:8      | Found a staircase to the Lair.
  6896 | D:8      | Reached skill level 9 in Dodging
  7168 | D:8      | Found a shadowy altar of Dithmenos.
  7766 | D:8      | Found a sparkling altar of Nemelex Xobeh.
  7769 | D:8      | Found an ancient bone altar of Kikubaaqudgha.
  7816 | D:9      | Reached skill level 5 in Invocations
  7820 | D:9      | Reached skill level 5 in Throwing
  7960 | D:9      | Reached skill level 10 in Dodging
  7960 | D:9      | Reached XP level 10. HP: 74/74 MP: 13/13
  8187 | D:9      | Reached skill level 5 in Evocations
  8583 | D:9      | Noticed a two-headed ogre
  8592 | D:9      | Killed a two-headed ogre
  8593 | D:9      | Reached skill level 10 in Long Blades
  8593 | D:9      | Reached skill level 11 in Dodging
  8873 | D:9      | Found a staircase to the Orcish Mines.
  8906 | Orc:1    | Entered Level 1 of the Orcish Mines
  8940 | Orc:1    | Noticed an orc sorcerer
  8960 | Orc:1    | Noticed a sixfirhy
  8961 | Orc:1    | Noticed an orange demon
  9247 | Orc:1    | Killed an orc sorcerer
  9271 | Orc:1    | Reached XP level 11. HP: 81/83 MP: 15/15
  9519 | Orc:1    | Noticed an orc knight
  9530 | Orc:1    | Killed an orc knight
  9545 | Orc:1    | Noticed an orc knight
  9559 | Orc:1    | Killed an orc knight
  9562 | Orc:1    | Reached skill level 12 in Dodging
  9617 | Orc:1    | Noticed an ettin
  9639 | Orc:1    | Killed an ettin
  9983 | Orc:1    | Found Fammeef's Magic Scroll Shoppe.
  9986 | Orc:1    | Bought a scroll of acquirement for 728 gold pieces
 10198 | Orc:1    | Acquired the amulet of Happiness {+Inv rElec Regen+ Str+2
                  | SInv}
 10233 | Orc:2    | Entered Level 2 of the Orcish Mines
 10233 | Orc:2    | Found Edeloyjo's Armour Emporium.
 10285 | Orc:2    | Found Apnar's General Store.
 10348 | Orc:2    | Bought a +2 scimitar of draining for 268 gold pieces
 10454 | Orc:2    | Found Epsiss's Assorted Antiques.
 10469 | Orc:2    | Noticed an orc high priest
 10472 | Orc:2    | Noticed an orc knight
 10473 | Orc:2    | Found a staircase to the Elven Halls.
 10534 | Orc:2    | Noticed a soul eater
 10539 | Orc:2    | Killed an orc high priest
 10563 | Orc:2    | Noticed an orc sorcerer
 10601 | Orc:2    | Killed an orc sorcerer
 10630 | Orc:2    | Noticed an orc high priest
 10661 | Orc:2    | Noticed a soul eater
 10664 | Orc:2    | Noticed an orc sorcerer
 10669 | Orc:2    | Killed from afar by an orc sorcerer

Illustrated notes

Levels and vault maps discovered:
D:1:      psy_arrival_whirlpool, layout_loops_ring, serial_shops,
          nicolae_shop_rolling_square, shop, nicolae_shop_tiny_statue_garden,
          shop, dk_noncrumbling_2
D:2:      layout_basic, basic_altar
D:3:      layout_rooms, nicolae_overflow_crystal_walls,
          hellmonk_ecumenical_altar_watching_god, portal_sewer_entry_f,
          serial_corexii_hall, corexii_hall_statues_t, corexii_hall_statues_t,
          minmay_misc_feat_secret_circle
D:4:      layout_layer_cave, slow_altar_2, serial_shops,
          nicolae_book_shop_shelving
D:5:      layout_basic, overflow_temple_1_default, mainiacjoe_overflow_24_doors,
          minmay_temple_entry_hall
D:6:      layout_gridville, mainiacjoe_overflow_alcove_1, uniq_prince_ribbit1
D:7:      layout_rooms, serial_demonic, serial_demonic_d, serial_demonic_c,
          serial_demonic_e, serial_demonic_d
D:8:      layout_loops_ring, nicolae_overflow_hidden_temple, lair_entry_dummy,
          nicolae_lava_and_water
D:9:      layout_long_grid, erik_orc_2
Orc:1:    nicolae_orc_accident_2, layout_caves, serial_shops,
          nicolae_shop_rolled_up
Orc:2:    st_orc_congregation, layout_caves, serial_shops,
          nicolae_shop_back_alley_shop,
          nicolae_shop_temple_entry_statues_fountains, shop,
          nicolae_shop_overgrown_old_shop, shop

Skill      XL: |  1  2  3  4  5  6  7  8  9 10 11 |
---------------+----------------------------------+-----
Long Blades    | 4 5 6 7 9 10 11 | 11.6
Invocations    | 1 2 3 4 5 6 7 |  7.0
Evocations     | 1 2 3 4 5 6 |  6.3
Dodging        | 5 6 7 8 10 11 12 | 12.7
Fighting       | 3 4 5 6 7 |  7.4
Throwing       | 3 4 5 6 |  6.7

Action                     |  1- 3 |  4- 6 |  7- 9 | 10-12 || total
---------------------------+-------+-------+-------+-------++-------
  Melee: Long sword        |    69 |   186 |   181 |       ||   436
         Punch             |     1 |     1 |     6 |    10 ||    18
         Scimitar          |       |       |    59 |   312 ||   371
  Throw: Dart              |    25 |    18 |    66 |    22 ||   131
         Throwing net      |     2 |     2 |     2 |       ||     6
         Javelin           |    13 |     7 |     4 |     3 ||    27
Ability: Evoke Blink       |       |       |       |     2 ||     2
  Evoke: Wand              |       |       |     4 |    32 ||    36
    Use: Scroll            |     3 |     8 |     6 |     5 ||    22
         Potion            |     1 |       |     1 |     2 ||     4
   Stab: Sleeping          |       |     5 |     2 |     2 ||     9
         Held in net/web   |       |     1 |       |       ||     1
         Distracted        |       |       |     1 |       ||     1
         Paralysed         |       |       |       |     4 ||     4
 Armour: Leather armour    |    14 |    40 |    55 |     7 ||   116
         Robe              |       |       |       |    30 ||    30
  Dodge: Dodged            |    50 |   222 |   202 |   280 ||   754
